 Dungeon Crawl Stone Soup version 0.23-a0-673-g3803c42 (webtiles) character file.

2245 Blackhawk the Skirmisher (level 9, -2/69 HPs)
             Began as a Demonspawn Fighter on Jan 9, 2019.
             Was an Initiate of Okawaru.
             Slain by an ogre
             ... wielding a +0 giant club
              (24 damage)
             ... on level 5 of the Dungeon.
             The game lasted 00:11:16 (8540 turns).

Blackhawk the Skirmisher (Demonspawn Fighter)       Turns: 8540, Time: 00:11:17

Health: -2/69      AC: 21    Str: 20    XL:     9   Next: 15%
Magic:  18/18      EV:  8    Int:  9    God:    Okawaru [......]
Gold:   381        SH: 10    Dex: 13    Spells: 8/8 levels left

rFire    . . .     SeeInvis .   a - +0 war axe
rCold    . . .     Gourm    .   c - +0 shield
rNeg     . . .     Faith    .   p - +0 chain mail {MR+}
rPois    .         Spirit   .   q - +0 helmet
rElec    .         Reflect  .   (no cloak)
rCorr    .         Harm     .   (no gloves)
MR       +....                  o - +0 pair of boots
Stlth    ..........             (no amulet)
HPRegen  0.21/turn              m - ring of magical power
MPRegen  0.16/turn              (no ring)

@: sanguine armour
A: talons 1, demonic guardian 1, nightstalker 2, sanguine armour 2
a: Renounce Religion


You were on level 5 of the Dungeon.
You worshipped Okawaru.
Okawaru was noncommittal.
You were not hungry.

You visited 2 branches of the dungeon, and saw 7 of its levels.

You collected 381 gold pieces.

Inventory:

Hand Weapons
 a - a +0 war axe (weapon)
Armour
 c - a +0 shield (worn)
 o - a +0 pair of boots (worn)
 p - a +0 chain mail of magic resistance (worn)
 q - a +0 helmet (worn)
Jewellery
 m - a ring of magical power (left hand)
 w - an uncursed ring of stealth {unknown}
Wands
 u - a wand of random effects (50)
 x - a wand of clouds (6)
 y - a wand of flame (8)
Scrolls
 b - 3 scrolls of teleportation
 e - 2 scrolls of remove curse
 i - 4 scrolls of identify
 n - a scroll of magic mapping {unknown}
 t - 3 scrolls of enchant armour {unknown}
 v - a scroll of noise {unknown}
 z - a scroll of amnesia {unknown}
Potions
 d - a potion of might
 g - a potion of lignification {unknown}
 h - 2 potions of flight {unknown}
 j - 4 potions of curing
 k - a potion of ambrosia {unknown}
 l - 2 potions of haste
 r - a potion of cancellation {unknown}
 s - a potion of brilliance {unknown}
Comestibles
 f - 15 rations
 A - a chunk of flesh


   Skills:
 + Level 6.2 Fighting
 + Level 5.2 Axes
 + Level 5.7 Armour
 + Level 4.7 Dodging
 + Level 5.6 Shields


You had 8 spell levels left.
You didn't know any spells.
Your spell library was empty.

Dungeon Overview and Level Annotations

Branches:
Dungeon (6/15)             Temple (1/1) D:6

Altars:
Ashenzari
Cheibriados
Dithmenos
Fedhas
Gozag
Hepliaklqana
Kikubaaqudgha
Nemelex Xobeh
Okawaru
Qazlal
Sif Muna
Trog
Uskayaw
Vehumet
Wu Jian
Yredelemnul


Innate Abilities, Weirdness & Mutations

You have sharp toenails.
A weak demonic guardian rushes to your aid.
You are significantly more attuned to the shadows.
When seriously injured, your bleeding wounds create thick armour. (AC +9)


Message History

Your iron imp barely misses the gnoll sergeant.
You are too injured to fight recklessly!
The kobold throws a stone.
The stone hits your iron imp but does no damage.
The gnoll sergeant barely misses you.
There is a stone staircase leading up, spattered with blood here.
Things that are here:
4 arrows; 5 poisoned needles Your iron imp hits the gnoll sergeant.
The ogre barely misses you.
The kobold throws a stone.
The stone barely misses your iron imp. x2
You block the stone. The gnoll sergeant barely misses you.
You climb upwards.
Your summoned ally is left behind.
There is a stone staircase leading down, spattered with blood here.
You completely miss the ogre.
The ogre is heavily wounded.
The ogre hits you with a +0 giant club!
You slash the ogre!
The ogre is almost dead.
The ogre hits you with a +0 giant club!!
You die...

#.####.....^.# #..
#####>#.......##.#### ##.
###.......##.##.##.##.## ##
#....##.####.##........##
#.._.##......#####......##
#....#######.#####....(..##
#.#.## ###..............#
#...# #)[.....#.......##
###.# #@).<....#......# #.#
#÷O......##...#.## #.#
#........###......
####.#### #........#
##....# #..(....#
#........###>....#
#.##.##.#
#..............###
#.##.##.# ############...#
#.##.##.# ###.# #.......#
#.#


You could see an ogre.

Vanquished Creatures
  Eustachio (D:4)
  Duvessa (D:4)
  2 ice beasts
  2 sky beasts (D:5)
  3 ogres
  A phantom (D:4)
  A centaur (D:5)
  Blork the orc (D:4)
  Dowan (D:4)
  A crimson imp (D:3)
  An orc priest (D:3)
  A gnoll shaman (D:6)
  3 hounds
  2 jellies (D:5)
  Jessica (D:3)
  5 worker ants
  2 orc wizards (D:5)
  A hound skeleton (D:5)
  Robin (D:2)
  10 gnolls
  7 adders
  A shadow imp (D:5)
  An ooze (D:5)
  An adder zombie (D:6)
  8 worms
  A dart slug (D:2)
  4 leopard geckos
  13 orcs
  2 ball pythons (D:3)
  6 bats
  5 giant cockroaches
  13 goblins
  10 hobgoblins
  5 jackals
  2 quokkas (D:6)
  5 frilled lizards
  10 kobolds
  A leopard gecko skeleton (D:4)
  A leopard gecko zombie (D:5)
  A quokka skeleton (D:6)
  11 rats
149 creatures vanquished.

Vanquished Creatures (collateral kills)
  An ice beast (D:5)
  A sky beast (D:6)
  A centaur (D:6)
  A phantom (D:6)
  2 bullfrogs (D:6)
  A scorpion (D:5)
  An orc (D:6)
  A hobgoblin (D:6)
  A quokka (D:6)
  2 kobolds (D:6)
12 creatures vanquished.

Grand Total: 161 creatures vanquished

Notes
Turn   | Place    | Note
-------+----------+-------------------------------------------
     0 | D:1      | Blackhawk the Demonspawn Fighter began the quest for the
                  | Orb.
     0 | D:1      | Reached XP level 1. HP: 18/18 MP: 1/1
   237 | D:1      | Gained mutation: You have sharp toenails. [demonic
                  | ancestry]
   237 | D:1      | Reached XP level 2. HP: 24/24 MP: 2/2
  1133 | D:2      | Reached XP level 3. HP: 17/29 MP: 3/3
  1279 | D:2      | Reached skill level 1 in Dodging
  1486 | D:2      | Noticed Robin
  1495 | D:2      | Gained mutation: When seriously injured, your bleeding
                  | wounds create armour. (AC +9) [demonic ancestry]
  1495 | D:2      | Reached XP level 4. HP: 31/35 MP: 4/4
  1496 | D:2      | Killed Robin
  1694 | D:2      | Found a sparkling altar of Nemelex Xobeh.
  2389 | D:3      | Gained mutation: You are slightly more attuned to the
                  | shadows. [demonic ancestry]
  2389 | D:3      | Reached XP level 5. HP: 23/41 MP: 5/5
  2644 | D:3      | Noticed a +0 hand axe
  2645 | D:3      | Found a hide-covered altar of Uskayaw.
  2645 | D:3      | Noticed a +0 dagger
  2683 | D:3      | Noticed Jessica
  2693 | D:3      | Killed Jessica
  3002 | D:3      | Reached skill level 4 in Fighting
  3002 | D:3      | Gained mutation: When seriously injured, your bleeding
                  | wounds create thick armour. (AC +9) [demonic ancestry]
  3002 | D:3      | Reached XP level 6. HP: 42/48 MP: 6/6
  3154 | D:4      | Noticed Eustachio
  3157 | D:4      | Noticed Dowan
  3160 | D:4      | Noticed Duvessa
  3206 | D:4      | Noticed Blork the orc
  3217 | D:4      | Killed Blork the orc
  4044 | D:4      | Killed Duvessa
  4044 | D:4      | Gained mutation: A weak demonic guardian rushes to your
                  | aid. [demonic ancestry]
  4044 | D:4      | Reached XP level 7. HP: 39/55 MP: 7/7
  4068 | D:4      | Killed Dowan
  4733 | D:4      | Killed Eustachio
  4733 | D:4      | Reached skill level 5 in Fighting
  5100 | D:4      | Reached XP level 8. HP: 54/62 MP: 8/8
  5260 | D:5      | Entered Level 5 of the Dungeon
  5301 | D:5      | Found a bloodstained altar of Trog.
  5932 | D:5      | Reached skill level 5 in Armour
  6091 | D:5      | Reached skill level 5 in Shields
  6371 | D:5      | Got a dazzling leather armour
  6671 | D:5      | Identified the +1 leather armour of Robrek {rCorr} (You
                  | found it on level 5 of the Dungeon)
  6823 | D:6      | Found a basalt altar of Yredelemnul.
  7478 | D:6      | Reached skill level 6 in Fighting
  7478 | D:6      | Reached skill level 5 in Axes
  7484 | D:6      | Gained mutation: You are significantly more attuned to the
                  | shadows. [demonic ancestry]
  7484 | D:6      | Reached XP level 9. HP: 43/69 MP: 9/9
  7690 | D:6      | Found a staircase to the Ecumenical Temple.
  7731 | Temple   | Entered the Ecumenical Temple
  7754 | Temple   | Became a worshipper of Warmaster Okawaru
  8540 | D:5      | Slain by an ogre

Vault maps used:
D:1:      mainiacjoe_arrival_reflecting_pool, chequers_serial_rivers_large_a,
          nrook_mini_backslash, kennysheep_decorative_pillar
D:2:      nemelex_xobeh_ov_fountains_minmay, uniq_robin
D:3:      dancing_weapons_uskayaw, uniq_jessica
D:4:      minmay_angry_zag, first_ration, uniq_duvessa, uniq_blork_the_orc,
          uniq_eustachio
D:5:      cheibrodos_quashed, bloody_trog
D:6:      kennysheep_housing_project, minmay_temple_entry_stoned_glass,
          yredelemnul_altar_generic
Temple:   nicolae_temple_the_god_donut

Skill      XL: |  1  2  3  4  5  6  7  8 |
---------------+-------------------------+-----
Axes           | 2 3 4 5 |  5.2
Armour         | 3 4 5 |  5.7
Shields        | 3 4 5 |  5.6
Dodging        | 1 2 3 4 |  4.7
Fighting       | 4 5 6 |  6.2

Action                   |  1- 3 |  4- 6 |  7- 9 || total
-------------------------+-------+-------+-------++-------
Melee: War axe           |   126 |   223 |   424 ||   773
       Kick              |    14 |       |       ||    14
  Use: Scroll            |       |       |     3 ||     3
  Eat: Chunk             |     2 |     8 |    16 ||    26
Armor: Chain mail        |    93 |   150 |   272 ||   515
Dodge: Dodged            |    24 |    67 |   144 ||   235
Block: Shield            |    73 |   121 |   228 ||   422

Table legend:
 A = Non-vault XP
 B = Vault XP
 C = Vault XP percentage of total XP
 D = Non-vault monster count
 E = Vault monster count
 F = Vault count percentage of total count
                 A         B        C        D         E       F
            +---------+---------+-------+---------+---------+-------
      Total |    2252 |     956 |  29.8 |     124 |      37 |  23.0
            +---------+---------+-------+---------+---------+-------
        D:1 |      23 |       0 |   0.0 |      15 |       0 |   0.0
        D:2 |      99 |      34 |  25.6 |      30 |      10 |  25.0
        D:3 |     253 |      37 |  12.8 |      27 |       1 |   3.6
        D:4 |     475 |     517 |  52.1 |      13 |       6 |  31.6
        D:5 |     743 |     258 |  25.8 |      23 |       7 |  23.3
        D:6 |     659 |     110 |  14.3 |      16 |      13 |  44.8
            +---------+---------+-------+---------+---------+-------
